 Dungeon Crawl Stone Soup version 0.21.1-1-g345015fe64 (webtiles) character file.

136 D3M0N1C the Skirmisher (level 4, -3/35 HPs)
             Began as a Demonspawn Fighter on Apr 16, 2018.
             Killed from afar by a kobold (38 damage)
             ... with an exploding inner flame
             ... hexed by the player character
             ... on level 3 of the Dungeon.
             The game lasted 00:26:05 (2473 turns).

D3M0N1C the Skirmisher (Demonspawn Fighter)         Turns: 2473, Time: 00:26:15

Health: -3/35      AC:  9    Str: 17    XL:     4   Next: 98%
Magic:  4/4        EV:  7    Int:  9    God:
Gold:   80         SH:  9    Dex: 13    Spells: 3/3 levels left

rFire    . . .     SeeInvis .   a - +0 war axe
rCold    . . .     Gourm    .   c - +0 shield
rNeg     . . .     Faith    .   b - +1 scale mail
rPois    .         Spirit   .   (helmet restricted)
rElec    .         Reflect  .   (no cloak)
rCorr    .         Harm     .   (no gloves)
MR       .....                  (no boots)
Stlth    ..........             (no amulet)
HPRegen  0.11/turn              (no ring)
MPRegen  0.09/turn              (no ring)

@: no status effects
A: horns 1, thin metallic scales 1
a: no special abilities


You were on level 3 of the Dungeon.
You were not hungry.

You visited 1 branch of the dungeon, and saw 3 of its levels.

You collected 80 gold pieces.

Inventory:

Hand Weapons
 a - a +0 war axe (weapon)
 e - a +0 dagger of venom
Missiles
 i - 85 stones (quivered)
Armour
 b - a +1 scale mail (worn)
 c - a +0 shield (worn)
Scrolls
 h - a scroll of immolation
Potions
 d - a potion of might
Comestibles
 f - 5 rations
 g - 8 chunks of flesh


   Skills:
 + Level 3.2 Fighting
 * Level 2.8 Axes
 - Level 1.5 Throwing
 + Level 3.1 Armour
 - Level 1.5 Dodging
 + Level 3.1 Shields


You had 3 spell levels left.
You didn't know any spells.

Dungeon Overview and Level Annotations

Branches:
Dungeon (3/15)

Altars:
Nemelex Xobeh


Innate Abilities, Weirdness & Mutations

You have a pair of small horns on your head.
You are partially covered in thin metallic scales. (AC +2)


Message History

Aim: a kobold, wielding a dagger (moderately wounded, inner flame)
You throw a stone. The stone barely misses the kobold.
Throwing (i - inventory):
i - 87 stones (quivered)
Press: ? - help, Shift-Dir - straight line, f/p - kobold
Aim: a kobold, wielding a dagger (inner flame)
You throw a stone. The stone misses the kobold.
The stone hits the giant cockroach but does no damage.
Throwing (i - inventory):
i - 86 stones (quivered)
Press: ? - help, Shift-Dir - straight line, f/p - kobold
Aim: a kobold, wielding a dagger (inner flame)
You throw a stone. The stone barely misses the kobold.
The stone barely misses the giant cockroach.
You miss the kobold. The kobold barely misses you.
You slash the kobold!
The kobold explodes!
The fiery explosion engulfs the giant cockroach.
You kill the giant cockroach!
The fiery explosion engulfs you!
Ouch! That really hurt!
You die...

#..# #(. .(. #..
#(# #.# #.# ...#
#ยง# #..# #@#
##..### #.#
#.....# #.#
#.....# #.#
#...>.# #.#
#.....# #.#
#[....#
#.#######.##.##
#.............#
#########.....####


There were no monsters in sight!

Vanquished Creatures
  3 gnolls (D:3)
  3 adders (D:2)
  3 worms
  3 dart slugs (D:2)
  2 leopard geckos
  An orc (D:3)
  2 giant cockroaches
  3 goblins
  6 hobgoblins
  13 jackals
  3 quokkas (D:2)
  4 bats
  4 frilled lizards (D:2)
  4 kobolds
  7 rats
61 creatures vanquished.

Notes
Turn   | Place    | Note
-------+----------+-------------------------------------------
     0 | D:1      | D3M0N1C the Demonspawn Fighter began the quest for the Orb.
     0 | D:1      | Reached XP level 1. HP: 18/18 MP: 1/1
   203 | D:1      | Gained mutation: You are partially covered in thin metallic scales. (AC +2) [demonic ancestry]
   203 | D:1      | Reached XP level 2. HP: 24/24 MP: 2/2
   714 | D:1      | Reached skill level 1 in Throwing
   771 | D:2      | Reached skill level 1 in Dodging
   782 | D:2      | Gained mutation: You have a pair of small horns on your head. [demonic ancestry]
   782 | D:2      | Reached XP level 3. HP: 10/29 MP: 3/3
  1374 | D:2      | Found a faded altar of an unknown god.
  1500 | D:2      | Reached XP level 4. HP: 33/35 MP: 4/4
  2210 | D:3      | Found a sparkling altar of Nemelex Xobeh.
  2473 | D:3      | Killed from afar by a kobold

Skill      XL: |  1  2  3  4 |
---------------+-------------+-----
Axes           | 2 |  2.8
Throwing       | 1 |  1.5
Dodging        | 1 |  1.5
Armour         | 3 |  3.1
Shields        | 3 |  3.1
Fighting       | |  3.2

Action                   |  1- 3 |  4- 6 || total
-------------------------+-------+-------++-------
Melee: War axe           |   108 |    78 ||   186
       Headbutt          |     3 |    10 ||    13
Throw: Stone             |    42 |    45 ||    87
  Use: Potion            |     4 |     2 ||     6
       Scroll            |     2 |     3 ||     5
  Eat: Chunk             |     1 |     1 ||     2
       Ration            |     1 |       ||     1
Armor: Scale mail        |    78 |    38 ||   116
Dodge: Dodged            |    59 |    28 ||    87
Block: Shield            |    67 |    41 ||   108
